Unix NetHack Version 3.7.0-80 Work-in-progress - last build Mar 20 2023 14:09:10 (4d3a4a9e917c0f86d3594936c235e576342b1c4a,branch:master). Game began 2023-03-23 21:50:39, ended 2023-03-23 22:18:22. Nyri, chaotic male elven Wizard --- ----- --- --.-- |...-- --.-- ---...--- |.....| --|...| ----.......-- ---..- --------.|...----- --.|.........|--- -----..-- --................| |......*.....|-.--|.......|--- |............----(| |..--.......-|...--.-----.|-.----- --........|..| |.|--- ----|......--|.......| |.|....|.-- --........|..| |.|..| --....-- |..--...| |.|.......-- |..........--- |....| ---- --..------.------- -........... ------.........| -------- ----..----..^....[..| |............--.. . --......--.|....| -...-- |.......|.....---[---- -...(........... ## ##...---------...||....<-- --.............||.....-- |.............#----## |..-- ---.| -..[..-- |..............|--......| |...................# |.### |.| --.)...| |-.....[.o..@.-----.....| --.|.--..--..--#--#.-##..## ## |.-- #)[...| |.........%.....%.......-- -----|..-#--- # 0|..--...| ######|..-##.....-- |-..............-------..| |...| # --......| ####..........| |...----.....>..| |..| ----- ---.... -----.---.-- --..| ---.|.|.-- ---- ---- --- --- ---- Nyri the Thaumaturge St:15 Dx:12 Co:13 In:18 Wi:12 Ch:8 Chaotic Dlvl:5 $:212 HP:0(40) Pw:26(64) AC:8 Xp:6/471 T:2760 Latest messages: The throwing star hits the blue jelly! What do you want to throw? In what direction? The throwing star hits the blue jelly. What do you want to throw? In what direction? You kill the blue jelly! In what direction? P - a throwing star (4 in total). L - 4 daggers (at the ready). A bear trap closes on your foot! You are caught in a bear trap. You are caught in a bear trap. You are caught in a bear trap. In what direction? The spell hits the Uruk-hai! You kill the Uruk-hai! You are caught in a bear trap. You are caught in a bear trap. You are caught in a bear trap. You are caught in a bear trap. You are caught in a bear trap. You are caught in a bear trap. The Uruk-hai puts on a scale mail. You are caught in a bear trap. You are caught in a bear trap. You finally wriggle free. In what direction? The spell hits the Uruk-hai! You kill the Uruk-hai! Your leg feels better. There are several objects here. The Uruk-hai hits! You miss the Uruk-hai. The Uruk-hai hits! In what direction? The spell hits the Uruk-hai! You kill the Uruk-hai! The Uruk-hai puts on a ring mail. What do you want to use or apply? Your lamp is now off. The jar crashes on your head and breaks into shards. The milky potion evaporates. Something seems to be holding you. You can move again. The Uruk-hai shoots 2 poisoned crude arrows! You are hit by the 1st poisoned crude arrow! The poison was deadly... Do you want your possessions identified? [ynq] (y) Do you want to see your attributes? [ynq] (y) Inventory: Coins $ - 212 gold pieces Weapons P - 4 +0 shuriken L - 4 cursed -1 daggers (at the ready) a - a blessed +1 quarterstaff (weapon in hands) Armor H - an uncursed +0 dwarvish iron helm s - an uncursed +0 orcish helm (being worn) b - an uncursed +0 cloak of magic resistance named r:sleep (being worn) Comestibles w - 2 cursed carrots M - an uncursed food ration x - a cursed food ration A - 2 uncursed lichen corpses Scrolls k - an uncursed scroll of charging j - an uncursed scroll of create monster Q - an uncursed scroll of enchant armor F - an uncursed scroll of enchant weapon i - an uncursed scroll of identify O - an uncursed scroll of magic mapping Spellbooks t - a blessed spellbook of force bolt m - an uncursed spellbook of magic missile Potions h - an uncursed potion of booze f - an uncursed potion of fruit juice I - an uncursed potion of gain energy g - a blessed potion of sleeping G - an uncursed potion of speed u - 2 uncursed potions of water Rings d - a blessed +1 ring of gain constitution e - an uncursed ring of sustain ability Wands v - a wand of polymorph (0:4) c - a wand of probing (0:8) N - a wand of striking (0:0) S - a wand of teleportation (0:5) Tools o - an uncursed wooden harp n - an uncursed blindfold l - an uncursed mirror p - an uncursed oil lamp r - a cursed skeleton key J - a blessed tallow candle Nyri the Wizard's attributes: Background: You were a Thaumaturge, a level 6 male elven Wizard. You were chaotic, nominally on a mission for Anhur who was opposed by Ptah (lawful) and Thoth (neutral). You were in the Gnomish Mines, on level 5. You entered the dungeon 2760 turns ago. It was nighttime. There was a new moon in effect when your adventure ended. You had 471 experience points, 169 more were needed to attain level 7. Basics: You had 0 out of 40 hit points. You had 26 out of 64 energy points (spell power). Your armor class was 8. Your wallet contained 212 zorkmids. Autopickup was off. Final Characteristics: Your strength was 15 (limit:18). Your dexterity was 12 (limit:18). Your constitution was 13 (limit:16). Your intelligence was 18 (limit:20). Your wisdom was 12 (limit:20). Your charisma was 8 (limit:18). Final Status: You were not hungry. You were unencumbered. You were wielding a quarterstaff. You had basic skill with quarterstaff. Final Attributes: You were piously aligned. You were magic-protected. You were sleep resistant. You had infravision. You were warded. You are dead. Miscellaneous: You never encountered a bones level. Total elapsed playing time was 27 minutes and 42 seconds. Major events: Turn 1: Nyri the chaotic male elven Wizard entered the dungeon 1051: entered the Gnomish Mines 1250: attained the rank of Conjurer (level 3) 2573: attained the rank of Thaumaturge (level 6) 2760: poisoned by an orcish arrow Vanquished creatures: a blue jelly 6 Uruk-hai 6 gnome leaders a kitten 6 dwarves a rothe a dwarf zombie an acid blob a gas spore 2 hobbits 3 manes a brown mold 26 gnomes a gnome zombie 2 geckos 3 jackals a fox a goblin 5 sewer rats 3 grid bugs 3 lichens a kobold zombie 5 newts 81 creatures vanquished. No species were genocided or became extinct. Voluntary challenges: You were an atheist. You were illiterate. You never engraved Elbereth. You never genocided any monsters. You never polymorphed an object. You never changed form. You used no wishes. Achievements: You entered a shop. You entered the Gnomish Mines. You attained the rank of Conjurer. You attained the rank of Thaumaturge. The Dungeons of Doom: levels 1 to 3 Level 1: Level 2: A fountain. Stairs down to The Gnomish Mines. Level 3: A scroll shop, many fountains. The Gnomish Mines: levels 3 to 5 Level 3: Level 4: Level 5: <- You were here. Final resting place for you, poisoned by an orcish arrow. Game over: ---------- / \ / REST \ / IN \ / PEACE \ / \ | Nyri | | 212 Au | | poisoned by an | | orcish arrow | | | | | | 2023 | *| * * * | * _________)/\\_//(\/(/\)/\//\/|_)_______ Goodbye Nyri the Wizard... You were poisoned in The Gnomish Mines on dungeon level 5 with 2275 points, and 212 pieces of gold, after 2760 moves. You were level 6 with a maximum of 40 hit points when you were poisoned.